 Dungeon Crawl Stone Soup version 0.21.1-1-g345015f (webtiles) character file.

8775 shakethe the Martial Artist (level 11, -22/75 HPs)
             Began as an Octopode Transmuter on Feb 7, 2018.
             Was the Champion of Cheibriados.
             Annihilated by a skeletal warrior
             ... wielding a +0 dire flail
              (28 damage)
             ... on level 10 of the Dungeon.
             The game lasted 01:05:04 (10034 turns).

shakethe the Martial Artist (Octopode Transmuter)  Turns: 10034, Time: 01:05:06

Health: -22/75     AC:  6    Str: 24    XL:     11   Next: 36%
Magic:  34/37      EV: 21    Int: 32    God:    Cheibriados [******]
Gold:   770        SH:  0    Dex: 30    Spells: 6/21 levels left

rFire    . . .     SeeInvis .     - Unarmed
rCold    . . .     Gourm    .   (no shield)
rNeg     . . .     Faith    .   F - +1 hat
rPois    .         Spirit   .   k - amulet of regeneration
rElec    .         Reflect  .   h - ring of magical power
rCorr    .         Harm     .   n - ring of magical power
MR       .....                  p - +4 ring of protection
Stlth    +++.......             (no ring)
HPRegen  0.62/turn              (no ring)
MPRegen  0.25/turn              (no ring)
                                (no ring)
                                (no ring)

@: very slow
A: almost no armour, stealthy swim, amphibious, 8 rings, constrict 8, camouflage
1, gelatinous body 1
a: Bend Time, Temporal Distortion, Slouch, Step From Time, Renounce Religion


You were on level 10 of the Dungeon.
You worshipped Cheibriados.
Cheibriados was exalted by your worship.
You were not hungry.

You visited 2 branches of the dungeon, and saw 12 of its levels.

You collected 770 gold pieces.

Inventory:

Hand Weapons
 l - the +1 long sword "Xorum" {venom, rF+ rN+, unknown}
   (You found it on level 4 of the Dungeon)

   It poisons the flesh of those it strikes.
   It protects you from fire.
   It protects you from negative energy.
Missiles
 a - 125 arrows
Armour
 F - a +1 hat (worn)
Jewellery
 f - an uncursed amulet of regeneration
 h - a ring of magical power (left tentacle)
 k - an amulet of regeneration (around mantle)
 n - a ring of magical power (right tentacle)
 p - a +4 ring of protection (on tentacle)
 s - an uncursed amulet of magic regeneration {unknown}
 K - an uncursed amulet of faith {unknown}
Wands
 m - a wand of enslavement (11)
 r - a wand of iceblast (9)
 y - a wand of polymorph (10)
 B - a wand of paralysis (17)
 C - a wand of acid (8)
 H - a wand of flame (26)
Scrolls
 d - 4 scrolls of enchant armour
 e - 2 scrolls of enchant weapon
 g - 2 scrolls of fear
 i - 5 scrolls of remove curse
 j - 4 scrolls of teleportation
 q - 3 scrolls of magic mapping
 u - 3 scrolls of amnesia
 A - 2 scrolls of fog {unknown}
 E - a scroll of blinking {unknown}
 G - a scroll of identify
 I - a scroll of torment {unknown}
Potions
 o - 3 potions of curing {unknown}
 t - 6 potions of heal wounds
 v - a potion of haste {unknown}
 w - a potion of degeneration {unknown}
 z - a potion of berserk rage {unknown}
 D - a potion of magic {unknown}
Books
 b - a book of Changes

   Spells                             Type                      Level
   a - Beastly Appendage              Transmutation                1
   b - Sticks to Snakes               Transmutation                2
   c - Spider Form                    Transmutation/Poison         3
   d - Ice Form                       Ice/Transmutation            4
   e - Blade Hands                    Transmutation                5
 x - a book of Minor Magic

   Spells                             Type                      Level
   a - Magic Dart                     Conjuration                  1
   b - Blink                          Translocation                2
   c - Call Imp                       Summoning                    2
   d - Slow                           Hexes                        2
   e - Conjure Flame                  Conjuration/Fire             3
   f - Mephitic Cloud                 Conjuration/Poison/Air       3
Comestibles
 c - 17 rations


   Skills:
 + Level 7.5 Fighting
 + Level 7.7 Dodging
 + Level 8.1 Unarmed Combat
 - Level 5.8 Spellcasting
 - Level 2.2 Conjurations
 - Level 2.2 Translocations
 - Level 6.7 Transmutations
 - Level 4.0 Ice Magic
 - Level 2.2 Air Magic
 - Level 2.6 Poison Magic
 + Level 4.1 Invocations


You had 6 spell levels left.
You knew the following spells:

 Your Spells              Type           Power        Failure   Level  Hunger
a - Beastly Appendage     Tmut           ######       1%          1    None
b - Sticks to Snakes      Tmut           ######..     1%          2    None
c - Spider Form           Tmut/Pois      #####.....   1%          3    None
d - Blink                 Tloc           N/A          2%          2    None
e - Ice Form              Ice/Tmut       #####...     4%          4    ###....
f - Mephitic Cloud        Conj/Pois/Air  ###.....     5%          3    None


Dungeon Overview and Level Annotations

Branches:
Dungeon (11/15)            Temple (1/1) D:4            Lair (0/6) D:8
    Orc (0/2) D:9

Altars:
Ashenzari
Cheibriados
Dithmenos
Elyvilon
Fedhas
Gozag
Hepliaklqana
Kikubaaqudgha
Makhleb
Nemelex Xobeh
Okawaru
Qazlal
Ru
Sif Muna
Trog
Uskayaw
Vehumet
Wu Jian
Xom
Yredelemnul
Zin
The Shining One

Shops:
D:4 [

Annotations:
D:6 komo4ek's ghost, novice DrSk


Innate Abilities, Weirdness & Mutations

You cannot wear most types of armour.
You are very stealthy in the water. (Stealth+)
You are amphibious.
You can wear up to eight rings at the same time.
You can use your tentacles to constrict eight enemies at once.
Your skin changes colour to match your surroundings (Stealth+).
Your rubbery body absorbs attacks. (AC +1, EV +1)


Message History

Something completely misses you.
The skeletal warrior closely misses you.
Something misses you. The quokka completely misses you. The quokka misses you.
Your transformation has ended.
Your +1 hat unmelds from your body.
Something barely misses you.
There is a stone staircase leading up here.
Something closely misses you.
The skeletal warrior hits you with a dire flail!!
* * * LOW HITPOINT WARNING * * *
The quokka bites you.
* * * LOW HITPOINT WARNING * * *
You climb upwards.
There is a stone staircase leading down here.
The flow of time bends around you.
Cheibriados rebukes the skeletal warrior.
The skeletal warrior seems to slow down.
Cheibriados rebukes the quokka.
The quokka seems to slow down.
You feel slightly more hungry.
The skeletal warrior hits you with a dire flail!!
You die...

.### #..# ## #..# # #..#
#######################..#
.........................#
.........................#
.........................#
...............z.........#
................@r.......#
..(......................#
<........................#
##########################


You could see a skeletal warrior and a quokka.

Vanquished Creatures
  Erolcha (D:10)
  2 two-headed ogres
  An ugly thing (D:10)
  A queen bee (D:8)
  2 trolls
  A hippogriff (D:8)
  A wyvern (D:9)
  The ghost of troglodite the Skirmisher, an amateur DsBe of Trog (D:3)
  3 water moccasins
  2 hell hounds (D:8)
  An orc warrior (D:8)
  2 sky beasts
  5 ice beasts
  3 phantoms
  A black bear (D:9)
  2 centaurs
  An ogre (D:7)
  6 big kobolds
  8 bullfrogs
  A wyvern skeleton (D:8)
  5 scorpions
  3 jellies
  18 killer bees
  4 wights
  3 crimson imps
  3 orc priests
  4 bullfrog zombies
  3 hounds
  4 iguanas
  A bullfrog skeleton (D:8)
  5 worker ants
  2 killer bee zombies
  A hound skeleton (D:7)
  2 hound zombies
  A mummy (D:6)
  2 worker ant zombies
  3 gnolls (D:4)
  A howler monkey skeleton (D:6)
  9 adders
  6 shadow imps
  An ooze (D:3)
  An adder skeleton (D:6)
  3 dart slugs
  5 leopard geckos
  14 orcs
  2 ball pythons (D:3)
  4 bats
  16 giant cockroaches
  11 goblins
  16 hobgoblins
  10 jackals
  8 quokkas
  5 frilled lizards
  3 jackal skeletons
  73 kobolds
  A quokka skeleton (D:7)
  13 rats
311 creatures vanquished.

Notes
Turn   | Place    | Note
-------+----------+-------------------------------------------
     0 | D:1      | shakethe the Octopode Transmuter began the quest for the Orb.
     0 | D:1      | Reached XP level 1. HP: 13/13 MP: 3/3
    90 | D:1      | Reached XP level 2. HP: 13/18 MP: 5/5
   600 | D:2      | Reached XP level 3. HP: 23/23 MP: 6/6
   768 | D:2      | Learned a level 2 spell: Sticks to Snakes
   772 | D:2      | Learned a level 3 spell: Spider Form
   781 | D:2      | Found a faded altar of an unknown god.
   870 | D:2      | Found a bloodstained altar of Trog.
  1111 | D:3      | Reached XP level 4. HP: 15/28 MP: 7/7
  1368 | D:3      | Reached skill level 5 in Transmutations
  1430 | D:3      | Reached XP level 5. HP: 33/33 MP: 8/8
  1545 | D:3      | Noticed troglodite's ghost (amateur DsBe)
  1785 | D:3      | Reached skill level 1 in Poison Magic
  2419 | D:4      | Found Ruestreus's Armour Shoppe.
  2468 | D:4      | Got a scorched long sword
  2881 | D:4      | Found a staircase to the Ecumenical Temple.
  2904 | Temple   | Entered the Ecumenical Temple
  3078 | Temple   | Became a worshipper of Cheibriados the Contemplative
  3151 | D:5      | Entered Level 5 of the Dungeon
  3244 | D:5      | Found a sacrificial altar of Ru.
  3303 | D:5      | Reached XP level 6. HP: 39/39 MP: 9/9
  3677 | D:5      | Reached * piety under Cheibriados
  3742 | D:5      | Noticed a yak
  3742 | D:5      | Noticed a yak
  3805 | D:5      | Learned a level 2 spell: Blink
  3999 | D:6      | Reached XP level 7. HP: 45/45 MP: 10/10
  4013 | D:6      | Reached skill level 4 in Unarmed Combat
  4085 | D:6      | Noticed komo4ek's ghost (novice DrSk)
  4203 | D:6      | HP: 1/45 [komo4ek's ghost (5)]
  4440 | D:4      | Reached skill level 1 in Translocations
  4531 | D:4      | Reached ** piety under Cheibriados
  5496 | D:3      | Killed troglodite's ghost
  5496 | D:3      | Reached *** piety under Cheibriados
  5496 | D:3      | Reached XP level 8. HP: 31/52 MP: 12/12
  5631 | D:4      | Learned a level 4 spell: Ice Form
  6128 | D:6      | Reached skill level 1 in Ice Magic
  6305 | D:7      | Reached skill level 5 in Unarmed Combat
  6572 | D:7      | Reached **** piety under Cheibriados
  6645 | D:7      | Reached XP level 9. HP: 50/59 MP: 14/14
  6813 | D:7      | Reached skill level 5 in Dodging
  6930 | D:8      | Found a staircase to the Lair.
  7080 | D:8      | Reached skill level 5 in Fighting
  7103 | D:8      | Reached skill level 6 in Unarmed Combat
  7127 | D:8      | Reached ***** piety under Cheibriados
  7532 | D:8      | Noticed a queen bee
  7581 | D:8      | Killed a queen bee
  7581 | D:8      | Reached XP level 10. HP: 68/68 MP: 17/17
  7778 | D:8      | Noticed a two-headed ogre
  7846 | D:8      | Killed a two-headed ogre
  7846 | D:8      | Reached skill level 5 in Spellcasting
  7930 | D:8      | Reached skill level 7 in Unarmed Combat
  8007 | D:8      | Found a glowing golden altar of the Shining One.
  8459 | D:9      | Reached skill level 1 in Invocations
  8485 | D:9      | Found a staircase to the Orcish Mines.
  8971 | D:9      | Reached ****** piety under Cheibriados
  9104 | D:9      | Learned a level 3 spell: Mephitic Cloud
  9112 | D:10     | Entered Level 10 of the Dungeon
  9233 | D:10     | Reached skill level 1 in Conjurations
  9233 | D:10     | Reached XP level 11. HP: 47/75 MP: 19/19
  9247 | D:10     | Reached skill level 1 in Air Magic
  9322 | D:10     | Noticed a two-headed ogre
  9357 | D:10     | Noticed Erolcha
  9370 | D:10     | Killed Erolcha
  9448 | D:10     | Killed a two-headed ogre
  9651 | D:10     | Reached skill level 8 in Unarmed Combat
  9728 | D:10     | Noticed a green ugly thing
  9741 | D:10     | Killed a green ugly thing
  9900 | D:10     | Found a shadowy altar of Dithmenos.
 10002 | D:11     | Noticed a green ugly thing
 10011 | D:11     | Noticed a skeletal warrior
 10034 | D:10     | Annihilated by a skeletal warrior

Skill      XL: |  1  2  3  4  5  6  7  8  9 10 11 |
---------------+----------------------------------+-----
Transmutations | 3 4 5 6 |  6.7
Poison Magic   | 1 2 |  2.6
Fighting       | 2 3 4 5 7 |  7.5
Dodging        | 3 4 6 7 |  7.7
Unarmed Combat | 4 5 6 7 8 |  8.1
Translocations | 2 |  2.2
Ice Magic      | 2 4 |  4.0
Spellcasting   | 3 4 5 |  5.8
Invocations    | 2 4 |  4.1
Conjurations   | 1 2 |  2.2
Air Magic      | 2 |  2.2

Action                   |  1- 3 |  4- 6 |  7- 9 | 10-12 || total
-------------------------+-------+-------+-------+-------++-------
Melee: Unarmed           |    95 |   195 |   386 |   226 ||   902
       Constrict         |    30 |    47 |    66 |    20 ||   163
       Kick              |    21 |    52 |    68 |    12 ||   153
       Tentacles         |    14 |    24 |    58 |    24 ||   120
       Punch             |       |     9 |    16 |     3 ||    28
 Cast: Beastly Appendage |    21 |    40 |    27 |     6 ||    94
       Spider Form       |       |     5 |    13 |    11 ||    29
       Blink             |       |     1 |    15 |     9 ||    25
       Sticks to Snakes  |       |       |     1 |       ||     1
       Ice Form          |       |       |     1 |     2 ||     3
Invok: Bend Time         |       |       |       |     1 ||     1
  Use: Scroll            |       |       |       |     9 ||     9
 Stab: Sleeping          |     4 |     4 |     5 |     3 ||    16
       Distracted        |       |       |     1 |       ||     1
  Eat: Chunk             |     1 |     7 |     4 |     3 ||    15
       Ration            |       |     1 |     2 |       ||     3
Armor: Skin              |     7 |    55 |    76 |    23 ||   161
Dodge: Dodged            |    56 |   161 |   456 |   307 ||   980
